 Dungeon Crawl Stone Soup version 0.24.0-2-g5b39cebb1c (webtiles) character file.

Game seed: 7081497312988005446, levelgen mode: deterministic

135 ventricule the Bolt Thrower (level 5, 0/30 HPs)
             Began as a Kobold Arcane Marksman on Oct 29, 2019.
             Slain by a sixfirhy (5 damage)
             ... on level 1 of the Abyss.
             The game lasted 00:09:17 (3725 turns).

ventricule the Bolt Thrower (KoAM)                  Turns: 3725, Time: 00:09:17

Health: 0/30       AC:  3    Str:  8    XL:     5   Next: 42%
Magic:  0/6        EV: 15    Int: 14    God:
Gold:   98         SH:  0    Dex: 12    Spells: 3/6 levels left

rFire    . . .     SeeInvis +   a - +0 hand crossbow
rCold    + . .     Gourm    .   (shield restricted)
rNeg     . . .     Faith    .   f - +0 robe
rPois    .         Spirit   +   (no helmet)
rElec    .         Reflect  .   (no cloak)
rCorr    .         Harm     .   v - +1 pair of gloves
MR       .....     Rnd*Rage +   (no boots)
Stlth    +.........             G - amulet of guardian spirit {Spirit}
HPRegen  0.10/turn              I - ring of protection from cold
MPRegen  0.10/turn              S - ring of see invisible

@: no status effects
A: small, [berserk 2], carnivore, [clumsy 2], [deformed body]
a: no special abilities


You were on level 1 of the Abyss.
You were very full.

You visited 1 branch of the dungeon, and saw 2 of its levels.
You visited the Abyss 1 time.

You collected 98 gold pieces.

Inventory:

Hand Weapons
 a - a +0 hand crossbow (weapon)
 b - a +0 short sword
 w - a +2 dagger of distortion {!w}
Missiles
 g - 93 bolts (quivered)
 m - 7 atropa-tipped darts
 r - 6 curare-tipped darts
 Q - 87 stones
Armour
 f - a +0 robe (worn)
 v - a +1 pair of gloves (worn)
Jewellery
 G - an amulet of guardian spirit (around neck) {Spirit}
 I - a ring of protection from cold (left hand)
 S - a ring of see invisible (right hand)
Scrolls
 c - a scroll of remove curse
Potions
 d - a potion of might
 h - a potion of brilliance {unknown}
 j - a potion of degeneration {!q}
 n - 2 potions of mutation {!q}
 o - a potion of resistance {unknown}
 p - a potion of heal wounds {unknown}
 q - 3 potions of curing
 s - a potion of invisibility {unknown}
 u - a potion of cancellation
Comestibles
 e - 4 rations


   Skills:
 - Level 2.2 Fighting
 + Level 3.5 Short Blades
 + Level 4.7 Crossbows
 - Level 2.4 Dodging
 - Level 1.1 Spellcasting
 - Level 3.0 Hexes


You had 3 spell levels left.
You knew the following spells:

 Your Spells              Type           Power        Failure   Level  Hunger
s - Slow                  Hex            #.......     12%         2    ###....
v - Corona                Hex            #......      8%          1    ##.....

Your spell library contained the following spells:

 Spells                   Type           Power        Failure   Level  Hunger
 Inner Flame              Hex/Fire       #.......     38%         3    ####...
 Portal Projectile        Hex/Tloc       #.....       38%         3    ####...
 Cause Fear               Hex            #.........   58%         4    #####..
 Leda's Liquefaction      Hex/Erth       #.........   80%         4    #####..


Dungeon Overview and Level Annotations

Branches:
Dungeon (2/15)

Altars:


Innate Abilities, Weirdness & Mutations

You are small and have problems with some larger weapons.
You are carnivorous and can eat meat at any time.
[You often lose your temper in combat.]
[You are very clumsy. (Dex -4)]
[Armour fits poorly on your strangely shaped body.]


Message History

Something smites you!
* * * LOW HITPOINT WARNING * * *
You take 9 damage, and have 15/30 hp.
MASSIVE DAMAGE!!
You now have 3/6 mp.
The wretched star pulses with an eldritch light!
You feel clumsy.
You feel clumsy.
You feel a little pissed off.
You feel angry.
A sixfirhy comes into view.
The sixfirhy closely misses you. The sixfirhy misses you.
The sixfirhy closely misses you.
Okay, then.
The sixfirhy hits you.
* * * LOW HITPOINT WARNING * * *
The sixfirhy shocks you!
* * * LOW HITPOINT WARNING * * *
The sixfirhy hits you!
* * * LOW MAGIC WARNING * * *
You die...

##. #.# #.. . .# ..#
#. . ###
..##.#######...#.
###..#....#..#.#....
...#....##..#..#.##
#..##..#.#......#
#@3#.3.#..#...#
#.#.#.#.. .# #
...#..#.#.*.# .## .
##.#..##.##.# ...#..
..#...###..# #... #
.#.#... ###... . ?.
.....##.# ##.X####
.# ..# .. ####. .#
.# #.. *.#


You could see a sixfirhy.

Levels and vault maps discovered:
D:1:      kennysheep_arrival_seaside, layout_basic
D:2:      layout_basic, minmay_hexomino_p4, uniq_terence
Abyss:1

Notes
Turn   | Place    | Note
-------+----------+-------------------------------------------
     0 | D:1      | ventricule the Kobold Arcane Marksman began the quest for
                  | the Orb.
     0 | D:1      | Reached XP level 1. HP: 12/12 MP: 2/2
   250 | D:1      | Identified a +0 hand crossbow
   315 | D:1      | Reached XP level 2. HP: 12/16 MP: 0/3
   527 | D:1      | Reached skill level 3 in Crossbows
   542 | D:1      | Learned a level 2 spell: Slow
   713 | D:1      | Reached skill level 2 in Fighting
   971 | D:1      | Identified a +0 club
   972 | D:1      | Identified a +0 short sword
  1158 | D:1      | Identified a +0 whip
  1242 | D:1      | Reached XP level 3. HP: 17/21 MP: 2/4
  1926 | D:2      | Identified a +0 club
  2000 | D:2      | HP: 4/21 [ooze (3)]
  2002 | D:2      | Reached skill level 1 in Short Blades
  2509 | D:2      | Identified a ring of protection from cold (You found it on
                  | level 2 of the Dungeon)
  2510 | D:2      | Identified an amulet of guardian spirit (You found it on
                  | level 1 of the Dungeon)
  2565 | D:2      | Identified a +0 falchion
  2565 | D:2      | Identified a +0 leather armour
  2590 | D:2      | Identified a ring of see invisible (You found it on level 2
                  | of the Dungeon)
  2632 | D:2      | Identified a +0 club
  2678 | D:2      | Reached XP level 4. HP: 20/26 MP: 3/5
  2769 | D:2      | Reached skill level 2 in Short Blades
  2797 | D:2      | Identified a +0 short sword
  2814 | D:2      | Identified a +0 club
  2817 | D:2      | Reached skill level 4 in Crossbows
  2881 | D:2      | Identified a +0 club
  2981 | D:2      | Identified a +0 club
  2987 | D:2      | Identified a +0 dagger
  2987 | D:2      | Identified a +0 robe
  2992 | D:2      | Identified a +3 leather armour
  3009 | D:2      | Identified a +0 club
  3009 | D:2      | Identified a +0 scale mail
  3010 | D:2      | Reached skill level 3 in Short Blades
  3010 | D:2      | Reached XP level 5. HP: 11/30 MP: 2/6
  3119 | D:2      | Identified a +0 flail
  3119 | D:2      | Identified a +0 chain mail
  3119 | D:2      | Noticed Terence
  3156 | D:2      | Killed Terence
  3286 | D:2      | Identified a +0 club
  3617 | D:2      | Identified a +2 dagger of distortion (You found it on level
                  | 2 of the Dungeon)
  3618 | D:2      | ventricule: uhoh
  3618 | D:2      | Cast into level 1 of the Abyss (a distortion unwield)
  3622 | Abyss:1  | Identified a scroll of remove curse
  3623 | Abyss:1  | Identified a scroll of fog
  3624 | Abyss:1  | Identified a scroll of amnesia
  3625 | Abyss:1  | Identified a scroll of enchant armour
  3631 | Abyss:1  | Identified a +1 pair of gloves (You found it on level 2 of
                  | the Dungeon)
  3631 | Abyss:1  | Identified 4 scrolls of identify
  3631 | Abyss:1  | Identified 2 potions of mutation
  3632 | Abyss:1  | Identified a potion of cancellation
  3633 | Abyss:1  | Identified a potion of degeneration
  3634 | Abyss:1  | Identified a potion of might
  3662 | Abyss:1  | Noticed a smoke demon
  3681 | Abyss:1  | Noticed a large abomination
  3693 | Abyss:1  | Noticed a wretched star
  3715 | Abyss:1  | Noticed a sixfirhy
  3725 | Abyss:1  | HP: 5/30 [sixfirhy (8)]
  3725 | Abyss:1  | Slain by a sixfirhy

Table legend:
 A = Turns spent in this place as a percentage of turns spent in the entire game.
 B = Non-inter-level travel turns spent in this place as a percentage of non-inter-level travel turns spent in the entire game.
 C = Inter-level travel turns spent in this place as a percentage of turns spent in this place.
 D = Turns resting spent in this place as a percentage of non-inter-level travel turns spent in this place.
 E = Turns spent auto-exploring this place as a percentage of non-inter-level travel turns spent in this place.
 F = Non-inter-level travel turns spent in this place divided by the number of levels of this place that you've seen.
                   A       B       C       D       E      F
               +-------+-------+-------+-------+-------+----------------------
         Total | 100.0 | 100.0 |   0.9 |  39.7 |  44.4 | 1230.7
       Dungeon |  97.1 |  97.1 |   0.9 |  40.8 |  45.7 | 1792.5
         Abyss |   2.9 |   2.9 |   0.0 |   0.0 |   0.0 | 107.0
               +-------+-------+-------+-------+-------+----------------------

Table legend:
 A = Kills in this place as a percentage of kills in entire the game.
 B = Kills by you in this place as a percentage of kills by you in the entire game.
 C = Kills by friends in this place as a percentage of kills by friends in the entire game.
 D = Other kills in this place as a percentage of other kills in the entire game.
 E = Experience gained in this place as a percentage of experience gained in the entire game.
 F = Experience gained in this place divided by the number of levels of this place that you have seen.
                   A       B       C       D       E      F
               +-------+-------+-------+-------+-------+----------------------
         Total | 100.0 | 100.0 |   N/A |   N/A | 100.0 |  64.7
       Dungeon | 100.0 | 100.0 |   N/A |   N/A | 100.0 |  97.0
               +-------+-------+-------+-------+-------+----------------------

Skill      XL: |  1  2  3  4 |
---------------+-------------+-----
Crossbows      | 3 4 |  4.7
Fighting       | 2 |  2.2
Short Blades   | 1 3 |  3.5
Dodging        | |  2.4
Spellcasting   | |  1.1
Hexes          | |  3.0

Action                   |  1- 3 |  4- 6 || total
-------------------------+-------+-------++-------
Melee: Unarmed           |    55 |       ||    55
       Short sword       |    54 |    10 ||    64
 Fire: Hand crossbow     |    53 |    41 ||    94
Throw: Dart              |       |     7 ||     7
 Cast: Corona            |    18 |     7 ||    25
  Use: Scroll            |       |     8 ||     8
 Stab: Sleeping          |     2 |       ||     2
  Eat: Chunk             |    14 |     3 ||    17
Armor: Robe              |    28 |     3 ||    31
Dodge: Dodged            |   143 |    26 ||   169

Vanquished Creatures
  An orc wizard (D:2)
  Terence (D:2)
  2 adders (D:2)
  2 oozes
  3 dart slugs
  A leopard gecko (D:1)
  3 orcs (D:2)
  2 ball pythons
  3 giant cockroaches
  2 goblins
  6 hobgoblins (D:2)
  2 jackals (D:1)
  7 kobolds
  5 bats
  3 frilled lizards (D:1)
  6 rats
49 creatures vanquished.
